 Dungeon Crawl Stone Soup version 0.20-a0-772-g73021bd (webtiles) character file.

123 Firecrotchwizard the Skirmisher (level 4, 0/41 HPs)
             Began as a Centaur Monk on Feb 27, 2017.
             Killed by nerve-wracking pain
             ... invoked by an orc priest
              (10 damage)
             ... on level 3 of the Dungeon.
             The game lasted 00:03:22 (2389 turns).

Firecrotchwizard the Skirmisher (Centaur Monk)      Turns: 2389, Time: 00:03:23

Health: 0/41       AC:  4    Str: 13    XL:     4   Next: 79%
Magic:  4/4        EV: 10    Int:  9    God:
Gold:   66         SH:  0    Dex: 13    Spells: 3/3 levels left

rFire    . . .     SeeInvis .     - Unarmed
rCold    . . .     Gourm    .   a - +0 robe
rNeg     . . .     Faith    .   (no shield)
rPois    .         Spirit   .   (no helmet)
rElec    .         Reflect  .   (no cloak)
rCorr    .         Harm     .   (no gloves)
MR       .....                  (no barding)
Stlth    +.........             (no amulet)
Regen    0.2/turn               (no ring)
MPRegen  0.1/turn               c - +1 ring of slaying

@: drained, very quick
A: hooves 3, deformed body, speed 2, tough skin 3
a: no special abilities


You were on level 3 of the Dungeon.
You were hungry.

You visited 1 branch of the dungeon, and saw 3 of its levels.

You collected 66 gold pieces.

Inventory:

Armour
 a - a +0 robe (worn)
Jewellery
 c - a +1 ring of slaying (left hand)
Scrolls
 j - 2 scrolls of remove curse
 k - 2 scrolls of identify {unknown}
 l - a scroll of noise {unknown}
Potions
 e - 2 potions of invisibility {unknown}
 f - a potion of haste {unknown}
 g - a potion of lignification {unknown}
 h - a potion of curing {unknown}
 m - a potion of heal wounds {unknown}
Comestibles
 b - a bread ration
 i - a fruit


   Skills:
 + Level 4.4 Fighting
 - Level 2.1 Dodging
 - Level 1.1(1.0) Stealth
 + Level 4.4(4.3) Unarmed Combat


You had 3 spell levels left.
You didn't know any spells.

Dungeon Overview and Level Annotations

Branches:
Dungeon (3/15)

Altars:
Elyvilon
Okawaru


Innate Abilities, Weirdness & Mutations

You have hooves in place of feet.
Armour fits poorly on your strangely shaped body.
You cover ground very quickly.
You have extremely tough skin. (AC +3)


Message History

Reactivating autopickup.
You feel a bit more experienced.
The orc priest casts a cantrip, but nothing happens.
You barely miss the kobold. The kobold hits you.
You hit the kobold.
You kill the kobold!
You hit the orc priest.
You kick the orc priest, but do no damage.
The orc priest is moderately wounded.
The orc priest hits you but does no damage.
You hit the orc priest. You kick the orc priest.
The orc priest is almost dead.
The orc priest calls down the wrath of Beogh upon you.
Pain shoots through your body!
* * * LOW HITPOINT WARNING * * *
You completely miss the orc priest. Your kick misses the orc priest.
The orc priest is almost dead.
The orc priest mumbles some strange prayers to Beogh against you.
Pain shoots through your body!
You die...

#.......)# #.#####..# ##
#.####...##..
##.#....<(.#.#
..#.#####.#.# ####.#.#
#.#.# #......# #..>#
#o##K#.# #.###
####@##.#.#####.#####
#......)##.#.(..........
#........o........######
#.####.#####.##.......
#. #.######### #. #.# #.
#.# .. #[# #.#


You could see an orc priest.

Vanquished Creatures
  An iguana (D:2)
  An orc wizard (D:3)
  2 adders
  A worm (D:2)
  2 dart slugs
  2 leopard geckos
  An orc (D:3)
  A giant cockroach (D:1)
  4 goblins
  4 hobgoblins (D:1)
  2 jackals (D:1)
  8 kobolds
  6 bats
  3 frilled lizards
  9 rats
47 creatures vanquished.

Notes
Turn   | Place    | Note
-------+----------+-------------------------------------------
     0 | D:1      | Firecrotchwizard the Centaur Monk began the quest for the Orb.
     0 | D:1      | Reached XP level 1. HP: 19/19 MP: 1/1
   186 | D:1      | Reached XP level 2. HP: 22/26 MP: 2/2
   541 | D:1      | Reached XP level 3. HP: 15/31 MP: 3/3
  1087 | D:2      | Found a white marble altar of Elyvilon.
  1483 | D:2      | Found an iron altar of Okawaru.
  1660 | D:2      | Reached XP level 4. HP: 19/40 MP: 4/4
  2389 | D:3      | Killed from afar by an orc priest

Vault maps used:
D:1:      roderic_crossed_star
D:2:      elyvilon_altar_3, okawaru_gym_becter

Skill      XL: |  1  2  3 |
---------------+----------+-----
Fighting       | 4 |  4.4
Unarmed Combat | 4 |  4.4
Dodging        | |  2.1
Stealth        | |  1.1

Action                   |  1- 3 |  4- 6 || total
-------------------------+-------+-------++-------
Melee: Unarmed           |   118 |    42 ||   160
       Kick              |    26 |     7 ||    33
       Punch             |     1 |     2 ||     3
  Use: Scroll            |       |     2 ||     2
 Stab: Sleeping          |     1 |       ||     1
  Eat: Chunk             |     1 |     1 ||     2
       Fruit             |       |     1 ||     1
Armor: Robe              |    37 |    17 ||    54
Dodge: Dodged            |    50 |    19 ||    69
